 Dungeon Crawl Stone Soup version 0.31-a0-236-g9a0961fb85 (webtiles) character file.

Game seed: 1425130581287216340

345 qw the Shooter (level 6, 0/37 HPs)
             Began as a Gargoyle Hexslinger on July 10, 2023.
             Slain by an orc warrior
             ... wielding a +0 glaive
              (6 damage)
             ... on level 4 of the Dungeon.
             The game lasted 00:01:15 (3150 turns).

qw the Shooter (Gargoyle Hexslinger)                Turns: 3150, Time: 00:01:16

Health: 0/37       AC: 14    Str: 17    XL:     6   Next: 58%
Magic:  7/7        EV: 11    Int: 14    God:
Gold:   253        SH:  0    Dex: 14    Spells: 6/7 levels left

rFire   . . .        Y - +3 sling
rCold   + . .        (no shield)
rNeg    + . .        n - +0 ring mail
rPois   inf          o - +2 helmet
rElec   +            (no cloak)
rCorr   .            (no gloves)
SInv    .            k - +1 pair of boots
Will    .....        (no amulet)
Stlth   +            f - ring of protection from cold
HPRegen 0.26/turn    l - +6 ring of strength
MPRegen 0.10/turn

%: no passive effects
@: about to teleport
A: sickness immunity, AC +4, negative energy resistance 1, electricity
resistance, torment resistance 1, petrification resistance
a: no special abilities


You were on level 4 of the Dungeon.
You visited 1 branch of the dungeon, and saw 4 of its levels.

You collected 253 gold pieces.


Innate Abilities, Weirdness & Mutations

You are immune to sickness and miasma.
Your stone body is resilient. (AC +4)
You are immune to poison.
You resist negative energy. (rN+)
You are resistant to electric shocks. (rElec)
You are resistant to unholy torment.
You are immune to petrification.


   Skills:
 + Level 3.1 Fighting
 - Level 6.0 Ranged Weapons
 - Level 1.0 Armour
 - Level 1.5 Dodging
 - Level 1.0 Spellcasting
 - Level 2.6 Hexes


You had 6 spell levels left.
You knew the following spells:

 Your Spells              Type           Power      Damage    Failure   Level
a - Slow                  Hex            32%        N/A       16%         1

Your spell library contained the following spells:

 Spells                   Type           Power      Damage    Failure   Level
 Inner Flame              Hex/Fire       4%         N/A       63%         3
 Portal Projectile        Hex/Tloc       8%         N/A       63%         3
 Cause Fear               Hex            4%         N/A       85%         4

Inventory:

Hand Weapons
 Y - a +3 sling (weapon)
Armour
 k - a +1 pair of boots (worn)
 n - a +0 ring mail (worn)
 o - a +2 helmet (worn)
Jewellery
 e - a ring of ice
 f - a ring of protection from cold (left hand)
 l - a +6 ring of strength (right hand)
Scrolls
 a - a scroll of identify
 h - 5 scrolls of teleportation
Potions
 b - a potion of curing {unknown}
 c - a potion of might {unknown}
 d - a potion of attraction {unknown}
 g - 2 potions of mutation
 i - a potion of haste
 j - a potion of invisibility {unknown}
 p - a potion of degeneration {unknown}
 q - a potion of cancellation {unknown}

Dungeon Overview and Level Annotations

Branches:
Dungeon (4/15)
 Temple: D:4-7

Altars:
Zin

Annotations:
D:4 exclusion: 5 orc warriors


Message History

Enter note:
Enter note:
Enter note: The orc warrior barely misses you.
Enter note:
Enter note:
Enter note: You shoot a sling bullet.
The sling bullet barely misses the orc warrior.
The orc warrior completely misses you.
You shoot a sling bullet.
The sling bullet closely misses the orc warrior.
The orc warrior misses you.
You shoot a sling bullet.
The sling bullet hits the orc warrior but does no damage.
The orc warrior is lightly wounded.
The orc warrior hits you but does no damage.
You shoot a sling bullet.
The sling bullet closely misses the orc warrior.
The orc warrior barely misses you.
You shoot a sling bullet. The sling bullet hits the orc warrior.
The orc warrior is lightly wounded.
The orc warrior completely misses you.
The orc warrior hits you with a +0 glaive.
You shoot a sling bullet.
The sling bullet hits the orc warrior but does no damage.
The orc warrior is lightly wounded.
The orc warrior hits you with a +0 glaive.
You shoot a sling bullet.
The sling bullet hits the orc warrior but does no damage.
The orc warrior is lightly wounded.
The orc warrior closely misses you.
You shoot a sling bullet. The sling bullet hits the orc warrior.
The orc warrior is lightly wounded.
The orc warrior hits you with a +0 glaive.
3150 ||| READING 6 scrolls of teleportation.
As you read the scroll of teleportation, it crumbles to dust.
You feel strangely unstable.
The orc warrior hits you with a +0 glaive.
You die...

#.[.#### ####.#.###
####.....## #.....#
#####¤.¤o....>#
#######
#..¤¤¤o########
#..¤¤¤¤#
#..¤¤¤¤############
#...¤¤¤¤........?.#
#..¤¤¤¤........o..#
#.....######.###@.#
#.....# ##.##.##?.#
#####.# #..###.#.##
......# ##...#.#.#
......###.8##.##.#
......#......#.#.#
......#.8#...###.#####
...).)...((...##.....#
#####.#..###..##.###.#


You could see an orc warrior.

Vanquished Creatures
  Sigmund (D:2)
  A hound (D:4)
  An orc priest (D:3)
  An iguana (D:4)
  An orc wizard (D:4)
  2 adders
  A dart slug (D:3)
  6 orcs
  3 endoplasms
  A giant cockroach (D:3)
  5 goblins
  6 hobgoblins
  4 jackals (D:1)
  4 kobolds
  2 quokkas (D:2)
  6 ball pythons
  5 bats
  2 frilled lizards
  6 rats
58 creatures vanquished.

Notes
Turn   | Place    | Note
-------+----------+-------------------------------------------
     0 | D:1      | qw the Gargoyle Hexslinger began the quest for the Orb.
     0 | D:1      | Reached XP level 1. HP: 12/12 MP: 2/2
     0 | D:1      | 0 ||| qw: Version: 0.3-a-52-g30416fa
     0 | D:1      | 0 ||| qw: Game counter: 4580
     0 | D:1      | 0 ||| qw: Melee chars always use a shield: true
     0 | D:1      | 0 ||| qw: God list: Okawaru
     0 | D:1      | 0 ||| qw: Allow faded altars: false
     0 | D:1      | 0 ||| qw: Do Orc after clearing Dungeon:15 true
     0 | D:1      | 0 ||| qw: Do second Lair branch before Depths: true
     0 | D:1      | 0 ||| qw: Lair rune preference: random
     0 | D:1      | 0 ||| qw: Goals: Normal
     0 | D:1      | 0 ||| PLANNING D:1-11
   151 | D:1      | Reached XP level 2. HP: 16/16 MP: 3/3
   359 | D:1      | Reached skill level 3 in Ranged Weapons
   654 | D:1      | 654 ||| UPGRADING to +1 pair of boots.
   659 | D:1      | 659 ||| READING 2 scrolls labelled LOPIC HUJOXTIBIT.
   660 | D:1      | 660 ||| READING scroll of enchant weapon.
   660 | D:1      | 660 ||| ENCHANTING +2 sling.
   661 | D:1      | 661 ||| READING 5 scrolls labelled PIKHACUPIO.
   666 | D:1      | 666 ||| READING scroll labelled IMYEC YBOLEIM.
   667 | D:1      | 667 ||| DROPPING scroll of poison.
   797 | D:2      | Reached XP level 3. HP: 21/21 MP: 4/4
   980 | D:2      | Noticed Sigmund
  1000 | D:2      | Killed Sigmund
  1001 | D:2      | Reached skill level 5 in Ranged Weapons
  1001 | D:2      | Reached XP level 4. HP: 18/26 MP: 5/5
  1001 | D:2      | Reached XP level 5. HP: 20/30 MP: 6/6
  1368 | D:2      | 1368 ||| UPGRADING to +0 ring mail.
  1378 | D:2      | 1378 ||| DROPPING +0 robe.
  1379 | D:2      | 1379 ||| UPGRADING to +2 helmet.
  1384 | D:2      | 1384 ||| UPGRADING to ring of protection from cold.
  1385 | D:2      | 1385 ||| UPGRADING to +6 ring of strength.
  1386 | D:2      | 1386 ||| READING scroll labelled WUYN OTHRABYMA.
  1387 | D:2      | 1387 ||| READING scroll labelled ZAEBBO HAZYJ.
  1388 | D:2      | 1388 ||| READING 3 scrolls labelled IJELISUURY.
  1389 | D:2      | 1389 ||| DRINKING 2 lumpy pink potions.
  1390 | D:2      | 1390 ||| READING 2 scrolls of identify.
  1390 | D:2      | 1390 ||| IDENTIFYING grey potion
  1391 | D:2      | 1391 ||| DROPPING potion of brilliance.
  1392 | D:2      | 1392 ||| DROPPING 2 scrolls of noise.
  1560 | D:3      | Reached skill level 1 in Armour
  2043 | D:3      | 2043 ||| READING scroll labelled JIMUFFO ZEOL.
  2064 | D:3      | 2064 ||| READING scroll labelled XIUFFAT CEUC.
  2065 | D:3      | 2065 ||| READING 2 scrolls of identify.
  2065 | D:3      | 2065 ||| IDENTIFYING ruby potion
  2140 | D:4      | Reached skill level 3 in Fighting
  2140 | D:4      | Reached XP level 6. HP: 37/37 MP: 7/7
  2159 | D:4      | 2159 ||| FLEEEEING.
  2160 | D:4      | 2160 ||| FLEEEEING.
  2162 | D:4      | 2162 ||| FLEEEEING.
  2163 | D:4      | 2163 ||| FLEEEEING.
  2164 | D:4      | 2164 ||| FLEEEEING.
  2165 | D:4      | 2165 ||| FLEEEEING.
  2166 | D:4      | 2166 ||| FLEEEEING.
  2167 | D:4      | 2167 ||| FLEEEEING.
  2173 | D:4      | 2173 ||| FLEEEEING.
  2202 | D:4      | 2202 ||| FLEEEEING.
  2203 | D:4      | 2203 ||| FLEEEEING.
  2204 | D:4      | 2204 ||| FLEEEEING.
  2205 | D:4      | 2205 ||| FLEEEEING.
  2206 | D:4      | 2206 ||| FLEEEEING.
  2207 | D:4      | 2207 ||| FLEEEEING.
  2208 | D:4      | 2208 ||| FLEEEEING.
  2209 | D:4      | 2209 ||| FLEEEEING.
  2210 | D:4      | 2210 ||| FLEEEEING.
  2211 | D:4      | 2211 ||| FLEEEEING.
  2212 | D:4      | 2212 ||| FLEEEEING.
  2213 | D:4      | 2213 ||| FLEEEEING.
  2214 | D:4      | 2214 ||| FLEEEEING.
  2215 | D:4      | 2215 ||| FLEEEEING.
  2216 | D:4      | 2216 ||| FLEEEEING.
  2217 | D:4      | 2217 ||| FLEEEEING.
  2218 | D:4      | 2218 ||| FLEEEEING.
  2219 | D:4      | 2219 ||| FLEEEEING.
  2221 | D:4      | 2221 ||| FLEEEEING.
  2222 | D:4      | 2222 ||| FLEEEEING.
  2223 | D:4      | 2223 ||| FLEEEEING.
  2224 | D:4      | 2224 ||| FLEEEEING.
  2225 | D:4      | 2225 ||| FLEEEEING.
  2226 | D:4      | 2226 ||| FLEEEEING.
  2227 | D:4      | 2227 ||| FLEEEEING.
  2228 | D:4      | 2228 ||| STAIRDANCE
  2244 | D:4      | 2244 ||| STAIRDANCE
  2312 | D:4      | 2312 ||| STAIRDANCE
  2595 | D:4      | Noticed an orc warrior
  2603 | D:4      | 2603 ||| READING 2 scrolls labelled FAYGIO VITISO.
  2608 | D:4      | 2608 ||| DRINKING 2 purple potions.
  2608 | D:4      | HP: 9/37 [orc warrior/+0 glaive (9)]
  2609 | D:4      | 2609 ||| READING 7 scrolls of teleportation.
  2610 | D:4      | 2610 ||| DRINKING potion of heal wounds.
  2614 | D:4      | 2614 ||| FLEEEEING.
  2615 | D:4      | 2615 ||| FLEEEEING.
  2823 | D:4      | Reached skill level 6 in Ranged Weapons
  2914 | D:4      | Found a glowing silver altar of Zin.
  3138 | D:4      | 3138 ||| FLEEEEING.
  3140 | D:4      | 3140 ||| DROPPING scroll of fog.
  3149 | D:4      | HP: 6/37 [orc warrior/+0 glaive (5)]
  3150 | D:4      | 3150 ||| READING 6 scrolls of teleportation.
  3150 | D:4      | Slain by an orc warrior

Levels and vault maps discovered:
D:1:      onia_arrival_mini_maze_b, layout_basic, serial_corexii_hall,
          chequers_hall_statues_corner_a, corexii_hall_statues_deadend
D:2:      minmay_wonky_spiral, layout_loops_cross, uniq_sigmund
D:3:      layout_loops_ring
D:4:      layout_basic, zin_treasury, guppyfry_early_orc_mine

Skill      XL: |  1  2  3  4  5  6 |
---------------+-------------------+-----
Ranged Weapons | 3 5 6 |  6.0
Fighting       | 2 3 |  3.1
Armour         | 1 |  1.0
Dodging        | |  1.5
Spellcasting   | |  1.0
Hexes          | |  2.6

Action                     |  1- 3 |  4- 6 || total
---------------------------+-------+-------++-------
   Fire: Sling             |    78 |   136 ||   214
    Use: Scroll            |     4 |    10 ||    14
         Potion            |       |     3 ||     3
 Armour: Robe              |    12 |       ||    12
         Ring mail         |       |    28 ||    28
  Dodge: Dodged            |    18 |    44 ||    62

Table legend:
 A = Non-vault XP
 B = Vault XP
 C = Vault XP percentage of total XP
 D = Non-vault monster count
 E = Vault monster count
 F = Vault count percentage of total count
                 A         B        C        D         E       F
            +---------+---------+-------+---------+---------+-------
      Total |     188 |     306 |  61.9 |      49 |       9 |  15.5
            +---------+---------+-------+---------+---------+-------
        D:1 |      20 |       1 |   4.8 |      12 |       1 |   7.7
        D:2 |      27 |     216 |  88.9 |      17 |       2 |  10.5
        D:3 |      35 |      44 |  55.7 |      11 |       2 |  15.4
        D:4 |     106 |      45 |  29.8 |       9 |       4 |  30.8
            +---------+---------+-------+---------+---------+-------
